 Dungeon Sprint DCSS version 0.17-a0-1646-geb1493d (webtiles) character file.

12940 Kidiri the Tortoise (level 11, 0/105 HPs)
             Began as a Minotaur Fighter on Aug 10, 2015.
             Was a High Priest of Okawaru.
             Killed from afar by a frost giant (66 damage)
             ... with a bolt of cold
             ... in the Dungeon (Sprint VII: "The Pits").
             The game lasted 00:12:01 (2315 turns).

Kidiri the Tortoise (Minotaur Fighter)              Turns: 2315, Time: 00:12:01

Health: 0/105      AC: 32    Str: 25    XL:     11   Next: 69%
Magic:  14/17      EV: 15    Int:  5    God:    Okawaru [*****.]
Gold:   40         SH: 18    Dex: 12    Spells: 0 memorised, 10 levels left

rFire  . . .     SeeInvis +     x - +4 morningstar (protect)
rCold  . . .     Clarity  .     s - +2 plate armour
rNeg   . . .     SustAt   .     c - +1 shield
rPois  .         Gourm    .     (helmet restricted)
rElec  +         Spirit   .     t - +1 cloak
rCorr  .         Warding  .     (no gloves)
rMut   .         NoTele   +     y - +1 pair of boots of the Unseen Realm {rElec}
MR     .....                    E - amulet of regeneration
Stlth  ..........               A - ring of see invisible
                                l - +3 ring of dexterity

@: lethally poisoned (0 -> 0), heroism, finesse, not resistant to hostile
enchantments, extremely unstealthy
A: retaliatory headbutt, horns 2
a: Heroism, Finesse, Renounce Religion


You were in the Dungeon.
You worshipped Okawaru.
Okawaru was extremely pleased with you.
You were hungry.

You visited 1 branch You collected 40 gold pieces.

Inventory:

Hand weapons
 x - a +4 morningstar of protection (weapon)
Armour
 c - a +1 shield (worn)
 s - a +2 plate armour (worn)
 t - a +1 cloak (worn)
 y - the +1 pair of boots of the Unseen Realm (worn) {rElec}
   (Okawaru gifted it to you in the Dungeon)

   It insulates you from electricity.
Jewellery
 l - a +3 ring of dexterity (left hand)
 m - a +3 ring of evasion
 A - a ring of see invisible (right hand)
 E - an amulet of regeneration (around neck)
Magical devices
 C - a wand of draining (4)
Scrolls
 k - 3 scrolls of blinking
 p - 4 scrolls of remove curse
 q - 5 scrolls of amnesia
 r - a scroll of summoning
 B - 3 scrolls of fog
 F - a scroll of recharging
 J - a scroll of fear
 K - a scroll of identify
Potions
 d - 4 potions of might
 f - 8 potions of curing
 g - 8 potions of heal wounds
 h - 2 potions of haste
 i - 4 potions of magic
 j - 3 potions of berserk rage
 o - 2 potions of invisibility
 u - 3 potions of resistance
 v - a potion of cure mutation
 w - 4 potions of agility
 D - a potion of cancellation
 I - 3 potions of brilliance
Comestibles
 a - 40 fruits
 e - 9 bread rations
 n - 7 meat rations


   Skills:
 + Level 12.4(17.4) Fighting
 * Level 16.2(21.2) Maces & Flails
 * Level 16.4(21.4) Armour
 + Level 10.8(15.8) Dodging
 * Level 16.2(21.2) Shields
 + Level 10.0 Invocations


You had 10 spell levels left.
You didn't know any spells.

Dungeon Overview and Level Annotations

Branches:
Dungeon (1/1)

Altars:
Ashenzari
Cheibriados
Dithmenos
Elyvilon
Fedhas
Gozag
Kikubaaqudgha
Makhleb
Nemelex Xobeh
Okawaru
Qazlal
Ru
Sif Muna
Trog
Vehumet
Xom
Yredelemnul
Zin
The Shining One
Beogh
Jiyva
Lugonu


Innate Abilities, Weirdness & Mutations

You reflexively headbutt those who attack you in melee.
You have a pair of horns on your head.


Message History

You hit the frost giant.
The frost giant is lightly wounded.
You sock the frost giant!
The frost giant is moderately wounded.
The frost giant hits you with a battleaxe of freezing.
The frost giant freezes you.
You completely miss the frost giant.
The frost giant is moderately wounded.
You puncture the frost giant!
You headbutt the frost giant, but do no damage.
The frost giant is heavily wounded.
You hit the frost giant but do no damage.
The frost giant is heavily wounded.
You feel sick.
You thump the frost giant!
The frost giant is heavily wounded.
The frost giant gestures at you while chanting.
The bolt of cold hits you!
Ouch! That really hurt!
You die...

********************,,,,,,,,,,***
###################*,,*,,,,*,,**,
..................++,,,,,,,,,,**,
..................++,,,,,,,,,,**,
################..#*,,*,,,,*,,**,
#*,*,*,*,*,#.#,#..#*,,,,,,,,,,++,
#,*,*,*,*,*c#%##†.#*,,,,,,,,,,++,
#*,*,*,*,*,*,#H#(.#***++****++***
#,*,*,*,*,*,*,#C@.#***++****++***
#*,*,*,*,*,*,#Y#..#*,,,,,,**,,,,,
################..#*,*+**,**,,,,,
..................#*,*,,+,**,,***
..................#*,+,,*,**,,*,,
#######''##########*,*,,+,**,,*,,
#######''######*****,+,,*,**,,***
..............#*,,**,**+*,**,,*,,
....#..#......#*,,**,,,,,,**,,*,,


You could see a frost giant, an elephant, a death cob and a hippogriff.

Vanquished Creatures
  A deep elf sorcerer (D)
  A death cob (D)
  A hydra (D)
  A naga sharpshooter (D)
  An orc high priest (D)
  A flayed ghost (D)
  A phantasmal warrior (D)
  A hill giant (D)
  A hornet (D)
  A rust devil (D)
  A guardian serpent (D)
  A hellwing (D)
  A fire drake (D)
  A jumping spider (D)
  A two-headed ogre (D)
  A blue devil (D)
  2 trolls (D)
  A ynoxinul (D)
  A shadow (D)
  2 tarantellas (D)
  2 wyverns (D)
  3 vampire mosquitoes (D)
  4 spriggans (D)
  A deep elf fighter (D)
  A steam dragon (D)
  A small abomination (D)
  3 yaks (D)
  A mottled dragon (D)
  A wolf (D)
  3 swamp drakes (D)
  2 wargs (D)
  An ice beast (D)
  An ogre (D)
  A black bear (D)
  An orc warrior (D)
  2 wasps (D)
  A centaur (D)
  An eye of draining (D)
  A giant frog (D)
  A brain worm (D)
  A gnoll sergeant (D)
  3 wights (D)
  A crimson imp (D)
  A hound (D)
  A quasit (D)
  3 orc priests (D)
  An orc wizard (D)
  A worker ant (D)
  A river rat (D)
  4 gnolls (D)
  An ufetubus (D)
  2 adder skeletons (D)
  A giant gecko (D)
  6 orcs (D)
  A giant cockroach (D)
  A hobgoblin (D)
  2 jackals (D)
  A quokka (D)
  A quokka skeleton (D)
87 creatures vanquished.

Vanquished Creatures (others)
  An orange demon (D)
  An ufetubus (D)
  An orc (D)
3 creatures vanquished.

Grand Total: 90 creatures vanquished

Notes
Turn   | Place    | Note
--------------------------------------------------------------
     0 | D        | Kidiri the Minotaur Fighter began the quest for the Orb.
     0 | D        | Reached XP level 1. HP: 19/19 MP: 0/0
    16 | D        | Reached skill level 4 in Armour
    30 | D        | Found a sacrificial altar of Ru.
    30 | D        | Found a basalt altar of Yredelemnul.
    30 | D        | Found a shadowy altar of Dithmenos.
    30 | D        | Found a deep blue altar of Sif Muna.
    30 | D        | Found a burning altar of Makhleb.
    30 | D        | Found a shimmering altar of Xom.
    30 | D        | Found an ancient bone altar of Kikubaaqudgha.
    30 | D        | Found a sparkling altar of Nemelex Xobeh.
    31 | D        | Found a glowing golden altar of the Shining One.
    31 | D        | Found a bloodstained altar of Trog.
    31 | D        | Found a shattered altar of Ashenzari.
    31 | D        | Found a white marble altar of Elyvilon.
    31 | D        | Found a snail-covered altar of Cheibriados.
    31 | D        | Found a blossoming altar of Fedhas.
    31 | D        | Found a radiant altar of Vehumet.
    31 | D        | Found a glowing silver altar of Zin.
    31 | D        | Found a corrupted altar of Lugonu.
    31 | D        | Found a viscous altar of Jiyva.
    31 | D        | Found a roughly hewn altar of Beogh.
    31 | D        | Found an iron altar of Okawaru.
    37 | D        | Found a stormy altar of Qazlal.
    38 | D        | Found an opulent altar of Gozag.
    40 | D        | Became a worshipper of Warmaster Okawaru
   100 | D        | Reached XP level 2. HP: 22/27 MP: 1/1
   102 | D        | Reached skill level 5 in Armour
   102 | D        | Reached skill level 1 in Dodging
   166 | D        | Noticed a wolf
   179 | D        | Killed a wolf
   179 | D        | Reached skill level 5 in Fighting
   179 | D        | Reached skill level 6 in Maces & Flails
   179 | D        | Reached skill level 7 in Armour
   179 | D        | Reached XP level 3. HP: 12/36 MP: 1/4
   179 | D        | Reached XP level 4. HP: 14/42 MP: 1/5
   179 | D        | Reached XP level 5. HP: 16/48 MP: 1/6
   203 | D        | Noticed a brain worm
   207 | D        | Killed a brain worm
   207 | D        | Acquired Okawaru's first power
   389 | D        | Noticed a centaur
   389 | D        | Noticed an ogre
   396 | D        | Noticed an ice beast
   399 | D        | Killed a centaur
   399 | D        | Reached skill level 8 in Armour
   399 | D        | Reached XP level 6. HP: 44/58 MP: 7/7
   403 | D        | Noticed an orc priest
   419 | D        | Killed an ice beast
   419 | D        | Reached skill level 9 in Armour
   421 | D        | Killed an orc priest
   421 | D        | Reached skill level 5 in Dodging
   431 | D        | Noticed an orc priest
   443 | D        | Killed an orc priest
   455 | D        | Noticed a quasit
   474 | D        | Killed an ogre
   474 | D        | Reached XP level 7. HP: 25/66 MP: 9/9
   487 | D        | Killed a quasit
   670 | D        | Noticed a black bear
   672 | D        | Killed a black bear
   672 | D        | Reached skill level 10 in Armour
   675 | D        | Noticed a tarantella
   695 | D        | Killed a tarantella
   695 | D        | Reached skill level 10 in Shields
   695 | D        | Reached skill level 5 in Invocations
   959 | D        | Noticed a warg
   959 | D        | Noticed a wight
   959 | D        | Noticed a wight
   959 | D        | Noticed a wight
   962 | D        | Killed a wight
   963 | D        | Killed a wight
   963 | D        | Reached skill level 10 in Maces & Flails
   964 | D        | Killed a wight
   970 | D        | Killed a warg
   970 | D        | Reached XP level 8. HP: 72/74 MP: 9/11
   985 | D        | Noticed a small abomination
   985 | D        | Noticed a deep elf fighter
   990 | D        | Killed a deep elf fighter
   990 | D        | Reached skill level 11 in Armour
   994 | D        | Killed a small abomination
  1120 | D        | Noticed a giant frog
  1120 | D        | Noticed a swamp drake
  1121 | D        | Noticed a two-headed ogre
  1124 | D        | Noticed an orange demon
  1124 | D        | Killed a giant frog
  1128 | D        | Noticed a wyvern
  1134 | D        | Killed a swamp drake
  1134 | D        | Received a gift from Okawaru
  1144 | D        | Killed an orange demon
  1146 | D        | Killed a wyvern
  1150 | D        | Killed a two-headed ogre
  1152 | D        | Noticed an eye of draining
  1171 | D        | Killed an eye of draining
  1171 | D        | Reached skill level 12 in Armour
  1171 | D        | Reached XP level 9. HP: 70/83 MP: 2/12
  1235 | D        | Noticed a mottled dragon
  1242 | D        | Killed a mottled dragon
  1247 | D        | Noticed a hornet
  1247 | D        | Noticed a phantasmal warrior
  1255 | D        | Killed a hornet
  1255 | D        | Received a gift from Okawaru
  1257 | D        | Killed a phantasmal warrior
  1547 | D        | Noticed a crimson imp
  1547 | D        | Noticed a gnoll sergeant
  1547 | D        | Noticed a spriggan
  1556 | D        | Killed a spriggan
  1556 | D        | Reached skill level 13 in Armour
  1557 | D        | Killed a crimson imp
  1558 | D        | Killed a gnoll sergeant
  1580 | D        | Noticed a ynoxinul
  1580 | D        | Noticed a worker ant
  1582 | D        | Killed a worker ant
  1589 | D        | Killed a ynoxinul
  1659 | D        | Noticed an orc high priest
  1659 | D        | Noticed an orc warrior
  1659 | D        | Noticed a troll
  1659 | D        | Noticed a spriggan rider
  1660 | D        | Noticed an orc wizard
  1660 | D        | Reached skill level 10 in Fighting
  1664 | D        | Killed an orc wizard
  1668 | D        | Killed a troll
  1670 | D        | Killed an orc high priest
  1670 | D        | Acquired Okawaru's second power
  1670 | D        | Reached XP level 10. HP: 79/93 MP: 12/14
  1674 | D        | Killed a spriggan rider
  1674 | D        | Killed a wasp
  1674 | D        | Reached skill level 14 in Armour
  1679 | D        | Killed an orc warrior
  1773 | D        | Noticed a wyvern
  1773 | D        | Noticed a tarantella
  1773 | D        | Noticed a jumping spider
  1775 | D        | Killed a tarantella
  1778 | D        | Killed a wyvern
  1787 | D        | Killed a jumping spider
  1800 | D        | Noticed a seven-headed hydra
  1800 | D        | Noticed a yak
  1800 | D        | Noticed a yak
  1800 | D        | Noticed a yak
  1801 | D        | Killed a yak
  1803 | D        | Killed a yak
  1805 | D        | Killed a seven-headed hydra
  1805 | D        | Received a gift from Okawaru
  1810 | D        | Killed a yak
  1824 | D        | Noticed a death cob
  1831 | D        | Killed a death cob
  1832 | D        | Noticed a fire drake
  1832 | D        | Noticed a spriggan rider
  1835 | D        | Killed a fire drake
  1835 | D        | Reached skill level 15 in Armour
  1841 | D        | Killed a wasp
  1841 | D        | Killed a spriggan
  1841 | D        | Reached XP level 11. HP: 81/102 MP: 16/16
  1863 | D        | Noticed a vampire mosquito
  1863 | D        | Noticed a vampire mosquito
  1863 | D        | Noticed a vampire mosquito
  1863 | D        | Noticed a hound
  1863 | D        | Noticed a blue devil
  1864 | D        | Noticed a swamp drake
  1865 | D        | Noticed a shadow
  1865 | D        | Noticed a hellwing
  1868 | D        | Noticed a warg
  1868 | D        | Noticed an orc priest
  1872 | D        | Noticed a troll
  1873 | D        | Killed a vampire mosquito
  1880 | D        | Killed a vampire mosquito
  1883 | D        | Killed a shadow
  1887 | D        | Killed a hound
  1893 | D        | Killed a vampire mosquito
  1893 | D        | Reached skill level 15 in Shields
  1897 | D        | Killed an orc priest
  1897 | D        | Reached skill level 10 in Dodging
  1902 | D        | Killed a warg
  1902 | D        | Reached skill level 15 in Maces & Flails
  1911 | D        | Killed a hellwing
  1916 | D        | Killed a swamp drake
  1930 | D        | Killed a troll
  1941 | D        | Noticed a hill giant
  1952 | D        | Killed a hill giant
  1952 | D        | Received a gift from Okawaru
  1961 | D        | Killed a blue devil
  1963 | D        | Got a pair of shimmering boots {god gift}
  1976 | D        | Identified the +1 pair of boots of the Unseen Realm {rElec} (Okawaru gifted it to you in the Dungeon)
  2257 | D        | Noticed a hippogriff
  2257 | D        | Noticed a rust devil
  2258 | D        | Noticed a flayed ghost
  2261 | D        | Noticed a spriggan
  2261 | D        | Noticed a naga sharpshooter
  2264 | D        | Killed a rust devil
  2266 | D        | Killed a spriggan
  2267 | D        | Noticed a guardian serpent
  2269 | D        | Noticed a swamp drake
  2273 | D        | Killed a swamp drake
  2277 | D        | Noticed a steam dragon
  2277 | D        | Killed a guardian serpent
  2281 | D        | Noticed a frost giant
  2284 | D        | Killed a steam dragon
  2291 | D        | Killed a flayed ghost
  2291 | D        | Reached skill level 16 in Armour
  2301 | D        | Killed a naga sharpshooter
  2302 | D        | Noticed a deep elf sorcerer
  2306 | D        | Noticed a centaur
  2307 | D        | Noticed a death cob
  2308 | D        | Killed a deep elf sorcerer
  2308 | D        | Reached skill level 10 in Invocations
  2309 | D        | Noticed an elephant
  2315 | D        | Killed from afar by a frost giant

Vault maps used:
D:        pitsprint

Action                   |  1- 3 |  4- 6 |  7- 9 | 10-12 || total
-------------------------+-------+-------+-------+-------++-------
Melee: Mace              |    14 |    46 |    46 |       ||   106
       Flail             |     3 |       |       |       ||     3
       Morningstar       |       |       |    69 |   157 ||   226
Invok: Heroism           |       |       |     5 |     3 ||     8
       Finesse           |       |       |       |     2 ||     2
  Use: Potion            |       |     1 |     1 |       ||     2
       Scroll            |       |       |       |     5 ||     5
 Stab: Confused          |       |       |     1 |     1 ||     2
  Eat: Chunk             |       |       |     3 |     2 ||     5
